 Dungeon Crawl Stone Soup version 0.32-a0-377-g951292165a (webtiles) character file.

Game seed: 4097900809389836239

410 Anathary the Ruffian (level 6, -9/47 HPs)
             Began as a Draconian Shapeshifter on Feb 19, 2024.
             Killed by divine providence
             ... invoked by an orc priest
              (11 damage)
             ... on level 4 of the Dungeon.
             The game lasted 00:15:05 (2739 turns).

Anathary the Ruffian (Draconian Shapeshifter)       Turns: 2739, Time: 00:15:06

Health: -9/47      AC: 10    Str: 17    XL:     6   Next: 58%
Magic:  6/6        EV: 12    Int: 10    God:
Gold:   220        SH:  0    Dex: 12    Spells: 5/5 levels left

rFire   . .          .
                       - Unarmed
rCold   . . .        (no shield)
rNeg    . . .        (body armour unavailable)
rPois   +            (helmet currently unavailable)
rElec   .            (cloak currently unavailable)
rCorr   .            (gloves currently unavailable)
SInv    .            (boots currently unavailable)
Will    .....        j - amulet of the acrobat
Stlth   ++           d - +4 ring of protection
HPRegen 0.27/turn    m - ring of poison resistance
MPRegen 0.10/turn

%: acrobat
@: lethally poisoned (-9 -> -10), beast-form
A: beast (slay +2), AC +6, unfitting armour, cold-blooded
a: Begin Untransformation, Convert to Beogh


You were on level 4 of the Dungeon.
You were a hulking beast.
You visited 1 branch of the dungeon, and saw 4 of its levels.

You collected 220 gold pieces.

Inventory:

Armour
 q - a +0 pair of boots
 t - a +2 ring mail of fire resistance
Jewellery
 d - a +4 ring of protection (left hand)
 j - an amulet of the acrobat (around neck)
 m - a ring of poison resistance (right hand)
 x - an amulet of reflection
Talismans
 b - a beast talisman (active)
 c - a flux talisman
 f - a beast talisman (active)
 p - a flux talisman
Scrolls
 e - 5 scrolls of identify {unknown}
 g - 2 scrolls of teleportation {unknown}
 h - 2 scrolls of revelation {unknown}
 i - a scroll of vulnerability {unknown}
 l - 2 scrolls of fear {unknown}
 o - a scroll of fog {unknown}
 s - a scroll of poison {unknown}
 u - a scroll of brand weapon {unknown}
 w - a scroll of enchant armour {unknown}
Potions
 a - a potion of lignification
 k - a potion of haste {unknown}
 n - 2 potions of curing {unknown}
 r - a potion of mutation {unknown}
 v - a potion of invisibility {unknown}


   Skills:
 + Level 1.4 Fighting
 + Level 2.8 Dodging
 + Level 2.3 Stealth
 + Level 5.7 Unarmed Combat
 + Level 4.0 Shapeshifting


You had 5 spell levels left.
You didn't know any spells.
Your spell library contained the following spells:

 Spells                   Type           Power      Damage    Failure   Level
 Apportation              Tloc           0%         N/A       36%         1
 Cigotuvi's Dreadful Rot  Necr/Alch/Air  0%         N/A       50%         2
 Jinxbite                 Hex            0%         N/A       50%         2
 Dispel Undead            Necr           0%         3d6       98%         4
 Martyr's Knell           Necr/Summ      0%         N/A       98%         4
 Alistair's Intoxication  Alch           0%         N/A       100%        5
 Death Channel            Necr           0%         N/A       100%        6


Dungeon Overview and Level Annotations

Branches:
Dungeon (4/15)             Temple (0/1) D:4

Altars:
Ru
Uskayaw
Yredelemnul


Innate Abilities, Weirdness & Mutations

You are a hulking beast.
Your limbs bulge with bestial killing power. (Slay +2)
Your plain brown scales are hard. (AC +6)
You cannot fit into any form of body armour.
You are cold-blooded and may be slowed by cold attacks.


Message History

The adder bites you.
You are poisoned.
The adder poisons you!
The orc wizard hits you but does no damage.
The orc priest hits you with a +0 flail.
You hit the orc priest. You tail-slap the orc priest.
The orc priest is almost dead.
You feel sick. The adder bites you.
* * * LOW HITPOINT WARNING * * *
The giant cockroach barely misses you. The orc misses you.
You completely miss the orc priest.
The orc priest is almost dead.
You feel sick. The orc priest misses you. The adder closely misses you.
The orc wizard hits you with a +0 dagger.
* * * LOW HITPOINT WARNING * * *
The giant cockroach bites you but does no damage.
The orc hits you but does no damage.
The orc priest shouts, "Beogh offers mercy even to people such as you.
Join us and be reborn!"
You hit the orc priest.
You kill the orc priest!
You feel sick. The adder bites you but does no damage.
The giant cockroach barely misses you. The orc hits you but does no damage.
Your Shapeshifting skill increases to level 4!
You hit the ball python. You tail-slap the ball python.
You kill the ball python!
You feel sick. The adder completely misses you.
The giant cockroach completely misses you.
The orc wizard hits you but does no damage.
The adder bites you but does no damage. The orc hits you with a +0 whip.
* * * LOW HITPOINT WARNING * * *
You hit the ogre.
The ogre is lightly wounded.
* * * LOW HITPOINT WARNING * * *
You feel sick.
The giant cockroach bites you but does no damage.
The orc wizard hits you but does no damage.
The ogre misses you.
The orc priest calls down the wrath of Beogh upon you.
Beogh smites you!
You die...

#..#.# #############
##....#
#...[.......###..#..#
#................#.oo.o
#..............#.#.#....
#.......o.......###..o..
#......og.o..#...# . #..
########S#oo..#.....# ..
#ohB#####.>.## ###O...#
.oo.# ....#...#...#
#...... ###... #......#
#. ....... ###.#.. .##.


You could see an ogre, an orc priest, an orc wizard, an adder, 4 orcs, a giant
cockroach and a hobgoblin.

Vanquished Creatures
  A phantom (D:3)
  3 orc priests (D:4)
  A hound (D:4)
  2 iguanas (D:4)
  Robin (D:2)
  3 adders
  A dart slug (D:1)
  A ribbon worm (D:2)
  An orc (D:4)
  3 bats
  8 endoplasms
  5 giant cockroaches
  8 goblins
  9 hobgoblins
  6 kobolds
  2 quokkas
  10 ball pythons
  2 frilled lizards (D:1)
  10 rats
77 creatures vanquished.

Notes
Turn   | Place    | Note
-------+----------+-------------------------------------------
     0 | D:1      | Anathary the Draconian Shapeshifter began the quest for the
                  | Orb.
     0 | D:1      | Reached XP level 1. HP: 16/16 MP: 1/1
   115 | D:1      | Reached XP level 2. HP: 21/23 MP: 2/2
   512 | D:1      | Reached XP level 3. HP: 28/28 MP: 3/3
   652 | D:1      | Found a faded altar of an unknown god.
  1073 | D:2      | Noticed Robin
  1086 | D:2      | Reached skill level 4 in Unarmed Combat
  1091 | D:2      | Killed Robin
  1092 | D:2      | Reached XP level 4. HP: 27/35 MP: 4/4
  2046 | D:3      | Reached XP level 5. HP: 36/40 MP: 5/5
  2068 | D:3      | Reached skill level 1 in Stealth
  2123 | D:3      | Found a sacrificial altar of Ru.
  2421 | D:3      | Noticed a phantom
  2429 | D:3      | Killed a phantom
  2430 | D:3      | Reached skill level 5 in Unarmed Combat
  2660 | D:4      | Reached XP level 6. HP: 40/47 MP: 6/6
  2683 | D:4      | Found a hide-covered altar of Uskayaw.
  2689 | D:4      | Found a basalt altar of Yredelemnul.
  2708 | D:4      | Found a staircase to the Ecumenical Temple.
  2739 | D:4      | HP: 2/47 [poisoned by an adder]
  2739 | D:4      | Killed from afar by an orc priest

Illustrated notes

Levels and vault maps discovered:
D:1:      sevenhm_arrival_forest_fort_large_2, layout_loops_cross,
          ebering_ecumenical_altar_sacrificial, hex_medium, minmay_quantized
D:2:      minmay_inner_zag, layout_loops_ring, grunt_ministairs_15, uniq_robin
D:3:      layout_loops_ring, mainiacjoe_overflow_alcove_2,
          minmay_misc_feat_hallway
D:4:      layout_basic, general_overflow_altar, marbit_many_paths,
          nicolae_overflow_hidden_temple, minmay_temple_entry_arrows,
          portal_sewer_entry_b, uniq_crazy_yiuf_cottage

Skill      XL: |  1  2  3  4  5  6 |
---------------+-------------------+-----
Dodging        | 2 |  2.8
Unarmed Combat | 4 5 |  5.7
Stealth        | 2 |  2.3
Shapeshifting  | 4 |  4.0
Fighting       | |  1.4

Action                     |  1- 3 |  4- 6 || total
---------------------------+-------+-------++-------
  Melee: Unarmed           |    89 |   116 ||   205
         Tailslap          |    10 |    19 ||    29
         Punch             |     4 |     3 ||     7
Ability: Begin Untransform |     1 |       ||     1
   Stab: Sleeping          |     1 |     4 ||     5
 Armour: Skin              |    34 |    73 ||   107
  Dodge: Dodged            |    41 |   112 ||   153
   Form: Beast             |     1 |       ||     1

Table legend: (Time is in decaauts)
 A = Elapsed time spent in this place.
 B = Non-inter-level travel time spent in this place.
 C = Inter-level travel time spent in this place.
 D = Time resting spent in this place.
 E = Time spent auto-exploring this place.
 F = Levels seen in this place.
 G = Mean time per level.
                   A        B        C        D        E       F      G
               +--------+--------+--------+--------+--------+-----+--------+
         Total |   2725 |   2631 |     94 |    238 |   1253 |   4 |  681.2 |
       Dungeon |   2725 |   2631 |     94 |    238 |   1253 |   4 |  681.2 |
               +--------+--------+--------+--------+--------+-----+--------+

Top non-repeatable levels by time:
     D:1: 951 daAuts
     D:3: 793 daAuts
     D:2: 753 daAuts
     D:4: 227 daAuts
